 Dungeon Crawl Stone Soup version 0.31.0-32-g396128a36d (webtiles) character file.

Game seed: 10041159125017597005

6596 Alphaeus the Mimic (level 10, -1/51 HPs)
             Began as a Spriggan Shapeshifter on Mar 19, 2024.
             Was an Initiate of Gozag.
             Slain by a sun demon (4 damage)
             ... summoned by a kobold demonologist
             ... on level 8 of the Dungeon.
             The game lasted 00:12:35 (7025 turns).

Alphaeus the Mimic (Spriggan Shapeshifter)          Turns: 7025, Time: 00:12:35

Health: -1/51      AC:  3    Str: 14      XL:     10   Next: 71%
Magic:  11/11      EV: 30    Int: 13      God:    Gozag
Gold:   1247       SH:  0    Dex: 13 (16) Spells: 9/9 levels left

rFire   + +          .
                       - Unarmed
rCold   + . .        (shield currently unavailable)
rNeg    + . .        a - melded +0 animal skin
rPois   .            (helmet restricted)
rElec   .            D - +2 cloak
rCorr   .            (gloves unavailable)
SInv    +            (boots unavailable)
Will    +....        J - amulet of Kesodosh {Faith +Inv rF++ rN+ Dex+2 Stlth+}
Stlth   +            n - +5 ring of evasion
HPRegen 0.28/turn    F - ring of Xuoveud {rC+ Slay+4}
MPRegen 0.12/turn

%: faith
@: flux-form, spiked, gold aura, glowing, very quick
A: glow, contaminating, very small, no large weapons, unfitting armour, see
invisible, speed 3
a: Begin Untransformation, Renounce Religion, Evoke Invisibility, Potion
Petition, Call Merchant, Bribe Branch


You were on level 8 of the Dungeon.
You worshipped Gozag.
Gozag was most pleased with you.
You were something dangerously unstable.
You visited 2 branches of the dungeon, and saw 9 of its levels.
You also visited: Bailey.

You collected 1426 gold pieces.
You spent 92 gold pieces at shops.
You paid 87 gold pieces to Gozag.

Inventory:

Hand Weapons
 I - the +8 dagger of Qeifeta {elec, rF+ Int+2 SInv}
   (You found it in a bailey)

   Int+2:     It affects your intelligence (+2).
   rF+:       It protects you from fire.
   SInv:      It lets you see invisible.
Missiles
 L - 3 throwing nets (quivered)
Armour
 a - a +0 animal skin (melded)
 e - a +1 robe of willpower
 i - +1 steam dragon scales
 D - a +2 cloak (worn)
Jewellery
 f - an amulet of regeneration
 n - a +5 ring of evasion (left hand)
 x - a +6 ring of intelligence
 F - the ring of Xuoveud (right hand) {rC+ Slay+4}
   (You found it on level 6 of the Dungeon)

   [ring of slaying]

   Slay+4:    It affects your accuracy & damage with ranged weapons and melee
   (+4).
   rC+:       It protects you from cold.
 J - the amulet of Kesodosh (around neck) {Faith +Inv rF++ rN+ Dex+2 Stlth+}
   (You found it in a bailey)

   [amulet of faith]

   Faith:     It allows you to gain divine favour quickly.
   Dex+2:     It affects your dexterity (+2).
   rF++:      It greatly protects you from fire.
   rN+:       It protects you from negative energy.
   +Inv:      It lets you turn invisible.
   Stlth+:    It makes you more stealthy.
Talismans
 c - a beast talisman
 d - a flux talisman (active)
Wands
 g - a wand of flame (33)
 m - a wand of polymorph (17)
 B - a wand of iceblast (15)
 E - a wand of paralysis (5)
Scrolls
 j - 4 scrolls of poison
 q - a scroll of teleportation
 s - a scroll of vulnerability
 t - 6 scrolls of identify
 v - a scroll of silence
 y - a scroll of fog
 G - 2 scrolls of enchant weapon {unknown}
 K - a scroll of revelation {unknown}
Potions
 b - 2 potions of lignification
 h - 2 potions of haste
 l - a potion of experience {unknown}
 o - 2 potions of curing
 p - 3 potions of magic {unknown}
 r - a potion of might {unknown}
 u - 2 potions of mutation {unknown}
 w - a potion of cancellation {unknown}
 z - a potion of ambrosia {unknown}
 A - 3 potions of resistance {unknown}
 C - 2 potions of attraction {unknown}
 H - a potion of heal wounds


   Skills:
 + Level 5.4 Fighting
 + Level 9.0 Dodging
 * Level 8.5 Unarmed Combat
 * Level 12.1 Shapeshifting


You had 9 spell levels left.
You didn't know any spells.
Your spell library contained the following spells:

 Spells                   Type           Power      Damage    Failure   Level
 Apportation              Tloc           0%         N/A       30%         1
 Summon Ice Beast         Ice/Summ       0%         N/A       67%         3
 Summon Mana Viper        Hex/Summ       0%         N/A       100%        5
 Monstrous Menagerie      Summ           0%         N/A       100%        7


Dungeon Overview and Level Annotations

Branches:
Dungeon (8/15)             Temple (1/1) D:5          Bailey (visited)
   Lair: D:8-11

Altars:
Ashenzari
Cheibriados
Dithmenos
Fedhas
Gozag
Kikubaaqudgha
Makhleb
Nemelex Xobeh
Okawaru
Ru
Sif Muna
Trog
Uskayaw
Vehumet
Wu Jian
Yredelemnul
The Shining One

Shops:
D:2 *??

Annotations:
D:4 2 transporters, monsoonserge's ghost, novice GnSh
D:7 2 transporters, Buffagor's ghost, novice MfSh
Temple 2 transporters


Innate Abilities, Weirdness & Mutations

You are something dangerously unstable.
You glow with magical radiation, making you easy to see and hit.
Foes you strike become dangerously contaminated with magical radiation.
You are incapable of wielding weapons or throwing items.
You are very small and have problems with some larger weapons.
You are too small for most types of armour.
You have supernaturally acute eyesight. (SInv)
You cover ground extremely quickly. (Speed+++)


Message History

The kobold demonologist is lightly wounded.
The quasit misses you. x3
The kobold demonologist hits you but does no damage.
The red devil completely misses you. x2; The crimson imp blinks!
You feel much better. The quasit completely misses you. x2
The quasit barely misses you. The orange demon completely misses you.
The kobold demonologist barely misses you.
The red devil misses you.
The red devil hits you from afar with a +0 trident!
Barbed spikes become lodged in your body.
The quasit closely misses you. The quasit misses you.
The quasit closely misses you.
You hit the kobold demonologist.
The kobold demonologist glows dangerously bright.
The kobold demonologist is lightly wounded.
The orange demon misses you.
The kobold demonologist hits you with a +0 dagger.
The kobold demonologist casts a spell.
The red devil completely misses you.
The quasit bites you but does no damage.
The quasit misses you. x2
You hit the kobold demonologist.
The kobold demonologist shudders as magic cascades through it!!!
You kill the kobold demonologist!
The ufetubus disappears in a puff of smoke!
The quasit disappears in a puff of smoke!
The crimson imp disappears in a puff of smoke!
The orange demon disappears in a puff of smoke!
The red devil disappears in a puff of smoke! x2
The kobold demonologist casts a cantrip, but nothing happens.
The shadow imp gestures at you. Pain shoots through your body!
Your Dodging skill increases to level 9!
Okay, then.
The barbed spikes dig painfully into your body as you move.
The sun demon hits you!!
* * * LOW HITPOINT WARNING * * *
You are engulfed in flames.
You resist.
You die...
Your body crumbles into a pile of gold.

#.......# #.......##
.........# .........#
.### .........#
....###########5.....[..#
.....#§5§§...........##
####.#.#.3K3...........##
.......#pKK5.............
#....§##55..........#.
#...§4# ..........#.
#.....# ....[....#.
#.#...# #.......#'
#.#...# #.........
#######.#.#.# #.........
..........#.# ####..)...
#######.###.# #..))..


You could see a sun demon (summoned), a kobold demonologist, a ynoxinul
(summoned), a red devil (summoned), 2 kobold brigands, 2 crimson imps, a shadow
imp (summoned) and 2 ufetubi.

Vanquished Creatures
  Maggie (D:6)
  A gargoyle (Bailey)
  Jeremiah (D:6)
  A kobold demonologist (D:8)
  Sigmund (D:6)
  A vampire (Bailey)
  Eustachio (D:6)
  5 yaks (D:5)
  A water moccasin (D:6)
  2 orc warriors (D:7)
  4 ice beasts
  2 sky beasts (D:7)
  An elephant zombie (D:6)
  4 black bears
  2 centaurs
  2 phantoms (D:5)
  An elf zombie (D:6)
  A kobold brigand (D:8)
  4 scorpions
  3 bullfrogs
  2 gnoll sergeants
  3 wights (D:8)
  A wyvern skeleton (D:6)
  A howler monkey (D:5)
  5 wolf zombies (Bailey)
  9 vampire bats (Bailey)
  A bullfrog zombie (D:6)
  A centaur zombie (D:6)
  3 hounds
  A bombardier beetle (D:5)
  A human zombie (D:6)
  3 jellies
  A gnoll bouda (D:7)
  2 orc priests (D:7)
  A centaur skeleton (D:6)
  A sleepcap (D:7)
  Ijyb (D:3)
  A scorpion zombie (D:6)
  Jessica (D:2)
  7 orc wizards
  2 ogre zombies (D:6)
  4 hound zombies (D:6)
  4 howler monkey zombies (D:6)
  Robin (D:2)
  7 adders
  12 gnolls
  2 white imps (D:5)
  2 ufetubi (D:6)
  An adder zombie (D:6)
  A dart slug (D:1)
  2 ribbon worms
  13 orcs
  6 ball pythons
  6 endoplasms
  3 giant cockroaches
  7 hobgoblins
  13 kobolds
  3 quokkas
  4 bats (D:2)
  2 frilled lizards
  19 goblins
  22 orc zombies (Bailey)
  6 rats
227 creatures vanquished.

Notes
Turn   | Place    | Note
-------+----------+-------------------------------------------
     0 | D:1      | Alphaeus the Spriggan Shapeshifter began the quest for the
                  | Orb.
     0 | D:1      | Reached XP level 1. HP: 9/9 MP: 2/2
   199 | D:1      | Reached XP level 2. HP: 14/14 MP: 3/3
   240 | D:1      | Reached skill level 1 in Fighting
   620 | D:2      | Noticed Jessica
   631 | D:2      | Killed Jessica
   632 | D:2      | Reached XP level 3. HP: 18/18 MP: 4/4
   716 | D:2      | Found Soitzy's General Store.
   733 | D:2      | Bought a potion of curing for 42 gold pieces
   733 | D:2      | Found Cowauj's Magic Scroll Shop.
   741 | D:2      | Bought a scroll of identify for 20 gold pieces
   741 | D:2      | Bought a scroll of teleportation for 30 gold pieces
  1028 | D:2      | Reached XP level 4. HP: 22/22 MP: 5/5
  1079 | D:2      | Noticed Robin
  1101 | D:2      | Killed Robin
  1102 | D:2      | Reached skill level 5 in Shapeshifting
  1231 | D:2      | Found Feneh's Magic Scroll Emporium.
  1417 | D:3      | Noticed Ijyb
  1433 | D:3      | Killed Ijyb
  1437 | D:3      | Reached XP level 5. HP: 25/25 MP: 6/6
  2144 | D:4      | Noticed a black bear
  2162 | D:3      | Killed a black bear
  2179 | D:4      | Reached XP level 6. HP: 21/30 MP: 7/7
  2192 | D:4      | Reached skill level 6 in Shapeshifting
  2331 | D:4      | Found a burning altar of Makhleb.
  2347 | D:4      | Found a basalt altar of Yredelemnul.
  2350 | D:4      | Found an opulent altar of Gozag.
  2536 | D:4      | Found a transporter.
  2560 | D:4      | Found a transporter.
  2563 | D:4      | Noticed monsoonserge's ghost (novice GnSh)
  2919 | D:4      | Became a worshipper of Gozag Ym Sagoz the Greedy
  2993 | D:5      | Entered Level 5 of the Dungeon
  3132 | D:5      | Reached XP level 7. HP: 34/35 MP: 8/8
  3280 | D:5      | Found a hide-covered altar of Uskayaw.
  3333 | D:5      | Found a staircase to the Ecumenical Temple.
  3362 | Temple   | Found a transporter.
  3362 | Temple   | Found a transporter.
  3362 | Temple   | Found a transporter.
  3362 | Temple   | Found a transporter.
  3362 | Temple   | Entered the Ecumenical Temple
  3404 | D:5      | Reached skill level 5 in Dodging
  3404 | D:5      | Reached skill level 7 in Shapeshifting
  3419 | D:5      | Noticed a yak
  3424 | D:5      | Noticed a yak
  3564 | D:5      | Reached skill level 5 in Unarmed Combat
  3575 | D:5      | Killed a yak
  3576 | D:5      | Reached XP level 8. HP: 15/40 MP: 9/9
  3686 | D:5      | Reached skill level 8 in Shapeshifting
  4083 | D:6      | Reached skill level 9 in Shapeshifting
  4138 | D:6      | Reached XP level 9. HP: 44/45 MP: 10/10
  4152 | D:6      | Found a bloodstained altar of Trog.
  4282 | D:6      | Found an ancient bone altar of Kikubaaqudgha.
  4538 | D:6      | Found a blossoming altar of Fedhas.
  4546 | D:6      | Noticed Sigmund
  4554 | D:6      | Killed Sigmund
  4618 | D:6      | Identified the ring of Xuoveud {rC+ Slay+4}
  4629 | D:6      | Noticed Eustachio
  4656 | D:6      | Killed Eustachio
  4657 | D:6      | Reached skill level 10 in Shapeshifting
  4853 | D:6      | Noticed Maggie
  4869 | D:6      | Noticed Jeremiah
  4894 | D:6      | Killed Maggie
  4913 | D:6      | Killed Jeremiah
  5073 | D:7      | Reached XP level 10. HP: 51/51 MP: 11/11
  5111 | D:7      | Reached skill level 11 in Shapeshifting
  5449 | D:7      | Found a flagged portal.
  5516 | Bailey   | Entered a bailey
  5625 | Bailey   | Reached skill level 5 in Fighting
  5796 | Bailey   | Noticed a gargoyle
  5806 | Bailey   | Killed a gargoyle
  5880 | Bailey   | Identified the +8 dagger of Qeifeta {elec, rF+ Int+2 SInv}
  5888 | Bailey   | Identified the amulet of Kesodosh {Faith +Inv rF++ rN+
                  | Dex+2 Stlth+}
  6093 | D:7      | Found a transporter.
  6114 | D:7      | Found a bloodstained altar of Trog.
  6114 | D:7      | Noticed Buffagor's ghost (novice MfSh)
  6114 | D:7      | Noticed a moth of wrath
  6126 | D:7      | Found a transporter.
  6624 | D:8      | Reached skill level 12 in Shapeshifting
  6669 | D:8      | Found a shimmering blue altar of Sif Muna.
  6695 | D:8      | Got Sif Muna's Codex of Transposition
  7007 | D:8      | Noticed an orange demon
  7010 | D:8      | Noticed a sun demon
  7014 | D:8      | Noticed a sun demon
  7025 | D:8      | Slain by a sun demon

Illustrated notes

Levels and vault maps discovered:
D:1:      evilmike_arrival_plus, layout_basic
D:2:      layout_loops_cross, serial_shops, shop, shop, shop, uniq_jessica,
          uniq_robin
D:3:      layout_loops_ring, uniq_ijyb
D:4:      layout_gridville, minitemple, gammafunk_ghost_mausoleum,
          grunt_ministairs_13
D:5:      layout_basic, mainiacjoe_overflow_six_doors_small,
          minmay_temple_entry_slanted, corexii_hall_statues_s,
          amethyst_killhole, st_stairs_3, kennysheep_generic_room_12
D:6:      layout_rooms, trog_ov_bears_minmay,
          mainiacjoe_overflow_small_starburst, serial_undead, serial_undead_c,
          serial_undead_b, serial_undead_e, serial_undead_c,
          hangedman_decor_diamond_cutter, roadster_capsule_ark_zombie,
          uniq_maggie, uniq_sigmund, uniq_jeremiah, uniq_eustachio
D:7:      layout_basic, enter_bailey_3, gammafunk_ghost_wrathful_warriors
D:8:      layout_basic, led_sif_book, serial_shops, shop
Temple:   hellmonk_temple_divided_pantheon

Skill      XL: |  1  2  3  4  5  6  7  8  9 10 |
---------------+-------------------------------+-----
Fighting       | 1 2 3 4 5 |  5.4
Dodging        | 3 4 5 6 7 9 |  9.0
Unarmed Combat | 3 4 5 6 7 8 |  8.5
Shapeshifting  | 5 6 7 9 10 12 | 12.1

Action                     |  1- 3 |  4- 6 |  7- 9 | 10-12 || total
---------------------------+-------+-------+-------+-------++-------
  Melee: Unarmed           |    81 |   205 |   383 |   359 ||  1028
         Punch             |     3 |     5 |     6 |       ||    14
    Use: Scroll            |     4 |       |     2 |     5 ||    11
         Potion            |       |     1 |     1 |     2 ||     4
   Stab: Sleeping          |     3 |     2 |       |       ||     5
         Held in net/web   |       |     1 |       |       ||     1
         Distracted        |       |       |     2 |     1 ||     3
 Armour: Animal skin       |    24 |    54 |    41 |       ||   119
         Skin              |       |    21 |    39 |    71 ||   131
  Dodge: Dodged            |    54 |   185 |   411 |   493 ||  1143
   Form: Flux              |       |       |     1 |       ||     1
